Map: Cerulean Fall LE

Players

Stephano

  • Race: Zerg Zerg
  • Spawn Location: 1:00

TIME (Oliveira) - Winner!

  • Race: Terran Terran
  • Spawn Location: 7:00

Event: WCS Montreal 2018

VOD

Have the link to the VOD?

Description

Time

  • Played on: Sept. 7, 2018, 9:08 p.m.
  • Length: 9:13

All games in this series

Show
View Real Time Build Order
Export as new Build Order

Stephano Zerg 

Build Orders: Hatch First 

Get SALT Encoding   

  12  0:00  Drone  
  13  0:12  Overlord  
  13  0:17  Drone  
  14  0:31  Drone x2  
  16  0:49  Hatchery  
  15  0:51  Drone  
  15  0:55  Drone  
  17  0:58  Drone  
  18  1:09  Extractor  
  17  1:13  Spawning Pool  
  17  1:17  Drone  
  17  1:21  Drone  
  18  1:29  Drone  
  19  1:39  Drone  
  20  1:50  Drone  
  21  2:01  Queen x2  
  21  2:02  Zergling x4  
  27  2:11  Overlord  
  27  2:13  Drone  
  28  2:22  Hatchery  
  27  2:28  Drone  
  27  2:29  Drone  
  29  2:34  Drone  
  29  2:35  Drone  
  31  2:42  Queen  
  33  2:49  Metabolic Boost  
  33  2:51  Drone  
  34  2:53  Overlord  
  34  2:58  Drone  
  35  3:00  Drone  
  36  3:08  Overlord  
  36  3:11  Drone  
  37  3:13  Drone x3  
  37  3:18  Queen  
  42  3:21  Drone  
  42  3:22  Drone  
  44  3:27  Queen  
  44  3:31  Overlord  
  46  3:38  Zergling x6  
  49  3:42  Zergling x2  
  49  3:43  Drone x2  
  49  3:47  Overlord  
  52  3:50  Drone x2  
  52  3:51  Drone  
  52  3:54  Drone  
  56  3:57  Drone x2  
  56  4:00  Drone  
  59  4:03  Queen  
  61  4:10  Drone  
  61  4:12  Overlord x2  
  61  4:16  Evolution Chamber  
  61  4:17  Evolution Chamber  
  61  4:21  Drone  
  61  4:22  Spore Crawler  
  61  4:23  Drone x2  
  61  4:24  Drone  
  63  4:30  Drone x2  
  65  4:31  Queen  
  65  4:35  Queen  
  69  4:39  Spore Crawler  
  69  4:41  Drone, Spore Crawler  
  68  4:48  Zergling x8  
  68  4:51  Zergling x6  
  75  4:54  Zergling x4  
  75  4:57  Zergling x8  
  80  5:02  Zergling x2  
  80  5:03  Zergling x2  
  82  5:13  Zergling x2  
  81  5:14  Overlord  
  81  5:16  Zerg Ground Armor Level 1, Zerg Melee Weapons Level 1  
  81  5:19  Overlord  
  81  5:24  Overlord  
  81  5:26  Overlord  
  81  5:36  Drone x2  
  81  5:38  Drone x5  
  88  5:44  Lair  
  88  5:47  Extractor  
  88  5:49  Extractor  
  86  5:52  Zergling x4  
  86  5:53  Zergling x8  
  86  5:54  Hatchery  
  91  6:01  Drone x5, Hatchery  
  89  6:17  Drone x6  
  80  6:19  Drone  
  76  6:26  Zergling x2  
  76  6:27  Zergling x8  
  76  6:30  Drone x3  
  73  6:47  Drone x6  
  76  7:01  Baneling Nest  
  76  7:03  Drone x8  
  76  7:05  Extractor  
  76  7:17  Zergling x12  
  76  7:21  Zergling x6  
  85  7:25  Zergling x8  
  89  7:32  Zergling x6  
  92  7:43  Zergling x20  
  94  7:52  Zergling x2  
  94  7:53  Zergling x16  
  94  7:57  Zergling x8  
  99  8:03  Drone x5  
  100  8:12  Drone x5  
  102  8:13  Drone  
  103  8:22  Drone x5  
  106  8:33  Zergling x20  
  110  8:35  Zergling x4  
  110  8:38  Baneling  
  110  8:39  Baneling x5  
  110  8:41  Zergling x6  
  115  8:44  Zergling x8  
  115  8:47  Zergling x6  
  119  8:53  Overlord x2  
Show
View Real Time Build Order
Export as new Build Order

TIME Terran - Winner!

Build Orders: Hellion Opening, Reaper Expand, MMM Bio 

Get SALT Encoding   

  12  0:00  SCV  
  13  0:12  SCV  
  14  0:18  Supply Depot  
  14  0:25  SCV  
  15  0:39  SCV  
  15  0:41  Barracks  
  16  0:45  Refinery  
  16  0:52  SCV  
  17  1:04  SCV  
  18  1:16  SCV  
  19  1:28  Reaper, Orbital Command  
  20  1:42  Command Center  
  20  1:51  Supply Depot  
  20  1:54  SCV  
  20  2:00  Marine  
  22  2:06  SCV  
  23  2:08  Factory  
  23  2:14  Refinery  
  23  2:18  SCV  
  23  2:22  Barracks Reactor  
  24  2:30  SCV  
  25  2:42  SCV  
  25  2:53  Starport  
  25  2:54  Orbital Command  
  25  2:55  SCV  
  26  3:01  Hellion x2  
  30  3:07  SCV, Barracks Tech Lab  
  31  3:20  SCV x2  
  31  3:23  Hellion x2  
  37  3:29  Viking  
  37  3:30  Supply Depot  
  37  3:33  SCV x2  
  41  3:44  Hellion x2  
  41  3:46  Concussive Shells  
  45  3:51  Armory  
  45  3:52  Marauder  
  45  3:55  Supply Depot  
  47  3:57  SCV  
  47  3:58  SCV  
  47  4:02  Medivac  
  51  4:07  Hellion  
  53  4:15  Liberator  
  53  4:16  SCV  
  53  4:17  SCV, Hellion  
  59  4:22  Supply Depot  
  57  4:30  SCV  
  59  4:31  SCV  
  62  4:42  Command Center  
  62  4:44  Hellion  
  66  4:46  Hellion  
  66  4:53  SCV  
  66  4:55  SCV  
  66  4:58  Stimpack  
  68  5:04  Supply Depot  
  68  5:05  SCV  
  69  5:08  SCV  
  70  5:20  Barracks  
  70  5:21  Barracks  
  70  5:23  Engineering Bay  
  70  5:24  Engineering Bay, Factory Reactor  
  70  5:25  SCV, Marine, Refinery  
  70  5:28  SCV  
  73  5:29  Refinery  
  73  5:33  Starport Reactor  
  73  5:37  SCV  
  73  5:40  SCV  
  75  5:43  Marine  
  75  5:49  SCV, Terran Infantry Weapons Level 1, Terran Infantry Armor Level 1  
  77  5:53  SCV  
  78  5:58  Orbital Command  
  78  6:00  Marine  
  78  6:03  SCV  
  80  6:05  Barracks  
  80  6:07  Hellion, Barracks  
  80  6:08  Hellion x3, Factory Tech Lab, Marine x2  
  80  6:10  SCV  
  83  6:18  Orbital Command  
  75  6:20  Medivac x2, Marine x2  
  75  6:22  SCV  
  75  6:23  SCV  
  81  6:26  Marine x2  
  81  6:27  Siege Tank  
  81  6:32  Marine  
  87  6:34  SCV  
  87  6:37  Marine  
  87  6:38  Marine  
  87  6:39  Orbital Command  
  90  6:43  SCV  
  90  6:44  Marine x2  
  90  6:46  Engineering Bay  
  90  6:49  Marine  
  90  6:52  Supply Depot  
  90  6:54  Barracks Reactor x2  
  91  6:55  Marine  
  91  6:56  SCV  
  91  6:58  Marine  
  91  7:00  Supply Depot  
  91  7:02  Siege Tank, Marine x2  
  91  7:08  Medivac  
  93  7:14  SCV x3, Marine x2  
  98  7:18  Marine  
  98  7:21  Combat Shields, Marine  
  100  7:26  SCV  
  100  7:27  Marine  
  100  7:28  SCV, Supply Depot  
  103  7:30  Supply Depot  
  103  7:31  Marine  
  103  7:32  Marine  
  103  7:34  Medivac  
  103  7:35  SCV, Marine  
  109  7:38  Medivac, Marine  
  109  7:41  Marine  
  109  7:42  Marine x2  
  115  7:44  SCV  
  115  7:45  Marine  
  115  7:48  SCV  
  115  7:50  Siege Tank  
  118  7:52  Marine  
  118  7:53  Marine  
  118  7:57  Marine x2  
  118  7:58  Marine  
  106  8:00  Marine  
  106  8:01  Marine x2  
  106  8:02  SCV  
  106  8:03  SCV  
  106  8:04  Refinery  
  106  8:05  Refinery  
  111  8:11  Marine x3  
  113  8:14  Marine  
  113  8:15  SCV, Command Center, Marine  
  113  8:16  Marine  
  113  8:18  Marine  
  113  8:19  Marine, Supply Depot  
  119  8:20  Factory  
  119  8:24  SCV  
  119  8:25  SCV  
  119  8:26  Marine  
  122  8:33  Marine x2  
  122  8:34  Siege Tank, Marine x2  
  124  8:37  Marine x2  
  124  8:40  Medivac  
  132  8:44  Marine x2  
  130  8:55  Marine x3  
  127  9:09  Factory Tech Lab  
Tags
 
Add a new tag
Caveats
  • Supply blocks, unpowered buildings, or Contaminate may cause inaccurate times.
  • Supply counts are checked every 10 seconds.